 Dungeon Crawl Stone Soup version 0.31.0-7-gf635a9b802 (webtiles) character file.

Game seed: 8368647180702331507

87528 Zeia the Fencer (level 15, 0/225 HPs)
             Began as a Minotaur Fighter on Jan 24, 2024.
             Was an Initiate of Gozag.
             Killed from afar by a deep elf pyromancer (23 damage)
             ... with a bolt of fire
             ... on level 2 of the Elven Halls.
             The game lasted 01:03:20 (24059 turns).

Zeia the Fencer (Minotaur Fighter)                 Turns: 24059, Time: 01:03:21

Health: 0/225      AC: 35    Str: 27    XL:     15   Next: 43%
Magic:  23/23      EV:  7    Int:  5    God:    Gozag
Gold:   1146       SH:  0    Dex: 18    Spells: 14/14 levels left

rFire   . . .        L - +3 great sword (venom)
rCold   . . .        (shield currently unavailable)
rNeg    . . .        J - +5 crystal plate armour
rPois   +            Q - +0 hat of Donopiel {MP+9 Dex+3}
rElec   .            x - +0 cloak
rCorr   .            U - +1 pair of gloves {Stlth+}
SInv    +            (no boots)
Will    +....        O - amulet of Disaster {Acrobat Dex+4 SInv} Stlth
                     k - ring of poison resistance
HPRegen 0.57/turn    A - +4 ring of slaying
MPRegen 0.18/turn

%: acrobat
@: mighty, brilliant, berserking, on fire, glowing, bribing [the Elven Halls],
very quick
A: horns 2, retaliatory headbutt
a: Renounce Religion, Potion Petition, Call Merchant, Bribe Branch


You were on level 2 of the Elven Halls.
You worshipped Gozag.
Gozag was most pleased with you.
You visited 5 branches of the dungeon, and saw 21 of its levels.
You also visited: Bailey and Ice Cave.

You collected 7012 gold pieces.
You spent 417 gold pieces at shops.
You paid 5449 gold pieces to Gozag.

Inventory:

Hand Weapons
 B - a +2 falchion of electrocution
 L - a +3 great sword of venom (weapon)
 S - a +0 dagger of flaming
Armour
 c - a +0 buckler
 x - a +0 cloak (worn)
 J - a +5 crystal plate armour (worn)
 Q - the +0 hat of Donopiel (worn) {MP+9 Dex+3}
   (You found it on level 10 of the Dungeon)

   Dex+3:     It affects your dexterity (+3).
   MP+9:      It affects your magic capacity (+9).
 U - a +1 pair of gloves of stealth (worn)
Jewellery
 b - a ring of positive energy
 e - a ring of ice
 f - a ring of protection from fire
 g - a ring of wizardry
 h - a +4 ring of protection
 j - an amulet of magic regeneration
 k - a ring of poison resistance (left hand)
 A - a +4 ring of slaying (right hand)
 C - the ring of Egacs {Ice Fly Will- Str+5 Dex+2}
   (You found it on level 9 of the Dungeon)

   [ring of ice]

   Ice:       It enhances your ice magic.
   Str+5:     It affects your strength (+5).
   Dex+2:     It affects your dexterity (+2).
   rF-:       It makes you vulnerable to fire.
   rC+:       It protects you from cold.
   Will-:     It decreases your willpower.
   Fly:       It grants you flight.
 M - the ring "Jam Ugaa" {^Drain Will+ rCorr MP+9 Int+3}
   (You found it on level 9 of the Dungeon)

   [ring of willpower]

   Int+3:     It affects your intelligence (+3).
   Will+:     It increases your willpower.
   MP+9:      It affects your magic capacity (+9).
   rCorr:     It protects you from acid and corrosion.
   ^Drain:    It drains your maximum health when unequipped.
 N - the ring of Ixkuhet {rElec rN+ MP+9}
   (You took it off a tengu conjurer on level 9 of the Dungeon)

   [ring of magical power]

   rElec:     It insulates you from electricity.
   rN+:       It protects you from negative energy.
   MP+9:      It affects your magic capacity (+9).
 O - the amulet of Disaster (around neck) {Acrobat Dex+4 SInv}
   (You found it on level 9 of the Dungeon)

   [amulet of the acrobat]

   Acrobat:   It increases your evasion while moving and waiting.
   Dex+4:     It affects your dexterity (+4).
   SInv:      It lets you see invisible.
 W - a ring of willpower
 X - a ring of resist corrosion
Wands
 a - a wand of mindburst (3)
 D - a wand of polymorph (7)
 T - a wand of roots (16)
 V - a wand of flame (7)
 Y - a wand of digging (6)
Scrolls
 d - 2 scrolls of poison
 l - 2 scrolls of vulnerability
 n - 7 scrolls of teleportation
 p - a scroll of silence {unknown}
 q - 7 scrolls of immolation
 u - 2 scrolls of butterflies
 w - 9 scrolls of fog
 y - 3 scrolls of blinking
 I - 5 scrolls of enchant weapon
 K - 8 scrolls of identify
Potions
 i - 7 potions of curing
 m - 3 potions of invisibility
 r - a potion of enlightenment
 s - 3 potions of ambrosia
 t - 5 potions of cancellation
 v - 4 potions of magic
 z - 4 potions of brilliance
 E - 3 potions of heal wounds
 F - 2 potions of might
 G - 4 potions of resistance
 H - 2 potions of mutation
 P - a potion of lignification
 R - a potion of berserk rage
 Z - 3 potions of haste {unknown}
Miscellaneous
 o - a phial of floods


   Skills:
 + Level 18.4 Fighting
 - Level 20.1 Long Blades
 + Level 18.2 Armour
 - Level 4.0 Shields
 + Level 4.1 Evocations


You had 14 spell levels left.
You didn't know any spells.
Your spell library contained the following spells:

 Spells                   Type           Power      Damage    Failure   Level
 Apportation              Tloc           0%         N/A       100%        1
 Foxfire                  Conj/Fire      0%         2x1d4     100%        1
 Magic Dart               Conj           0%         1d3       100%        1
 Blink                    Tloc           0%         N/A       100%        2
 Jinxbite                 Hex            0%         N/A       100%        2
 Lesser Beckoning         Tloc           0%         N/A       100%        2
 Mercury Vapours          Alch/Air       0%         N/A       100%        2
 Momentum Strike          Conj/Tloc      0%         3d8       100%        2
 Searing Ray              Conj           0%         2d4       100%        2
 Static Discharge         Conj/Air       0%         3-3/arc   100%        2
 Inner Flame              Hex/Fire       0%         N/A       100%        3
 Mephitic Cloud           Conj/Alch/Air  0%         N/A       100%        3
 Airstrike                Air            0%         2d(0-16)  100%        4
 Flame Wave               Conj/Fire      0%         2d4       100%        4
 Fulminant Prism          Conj/Alch      0%         3d5       100%        4
 Sticky Flame             Fire/Alch      0%         2d4       100%        4
 Summon Lightning Spire   Summ/Air       0%         N/A       100%        4
 Vhi's Electric Charge    Tloc/Air       0%         N/A       100%        4
 Alistair's Intoxication  Alch           0%         N/A       100%        5
 Arcjolt                  Conj/Air       0%         1d10      100%        5
 Freezing Cloud           Conj/Ice/Air   0%         6-21      100%        5
 Plasma Beam              Fire/Air       0%         2x1d10    100%        6
 Starburst                Conj/Fire      0%         6d3       100%        6
 Maxwell's Capacitive Co  Air            0%         ∞         100%        8


Dungeon Overview and Level Annotations

Branches:
Dungeon (11/15)            Temple (1/1) D:7            Lair (5/5) D:11
  Swamp (0/4) Lair:2       Spider (0/4) Lair:2        Slime (0/5) Lair:4
    Orc (2/2) D:9             Elf (2/3) Orc:2        Bailey (visited)
  IceCv (visited)

Altars:
Ashenzari
Cheibriados
Dithmenos
Elyvilon
Fedhas
Gozag
Hepliaklqana
Kikubaaqudgha
Makhleb
Nemelex Xobeh
Okawaru
Qazlal
Ru
Sif Muna
Trog
Uskayaw
Vehumet
Wu Jian
Xom
Yredelemnul
Zin
The Shining One
Jiyva

Shops:
D:1 [   D:3 !   D:10 [   Orc:1 :   Orc:2 [*([*(   Elf:1 =

Annotations:
D:9 2 runed translucent doors
D:10 3 runed translucent doors, peterlawrence's ghost, journeyman MiFi
Lair:5 exclusion: obsidian statue


Innate Abilities, Weirdness & Mutations

You have a pair of horns on your head.
You reflexively headbutt those who attack you in melee.


Message History

* * * LOW HITPOINT WARNING * * *
You feel better. The liquid fire burns you!
* * * LOW HITPOINT WARNING * * *
The fire elemental barely misses you.
The deep elf pyromancer casts a spell at you.
The bolt of fire hits the fire elemental.
The fire elemental completely resists.
The bolt of fire hits you!
* * * LOW HITPOINT WARNING * * *
[a] - 280 gold - haste and brilliance [b] - 378 gold - heal wounds, berserk rage, might and brilliance [c] - 405 gold - haste and enlightenment Purchase which effect?
You no longer have enough gold to fund merchants seeking to open stores in the dungeon.
You feel much better.
A red film seems to cover your vision as you go berserk!
You feel yourself moving faster!
You feel mighty!
You feel very mighty all of a sudden.
You feel clever all of a sudden. The liquid fire burns you!
* * * LOW HITPOINT WARNING * * *
The fire elemental hits you. The fire elemental burns you!
* * * LOW HITPOINT WARNING * * *
The fire elemental closely misses you.
Unknown command.
Unknown command.
You barely miss the fire elemental.
Your headbutt misses the fire elemental.
The liquid fire burns you!
* * * LOW HITPOINT WARNING * * *
You closely miss the fire elemental. You headbutt the fire elemental!
The fire elemental is moderately damaged.
The liquid fire burns you!
* * * LOW HITPOINT WARNING * * *
The fire elemental hits you. The fire elemental burns you!
* * * LOW HITPOINT WARNING * * *
The deep elf pyromancer gestures at you while chanting.
The bolt of fire misses the fire elemental.
The bolt of fire hits you!!
You die...
Your body crumbles into a pile of gold.

... ... .... #.##
....####.. .#
...#...## #.#
#......#####...
.....
#####.......#....#
....
.⌠..........#e...#
....
......#....E.#.#.#
#.. .....
#...@..#...####.#
...(
#...)...##......##
...
#..)......##.....#
..
####'#......##...# (
##.####.....#..##
###.........#.#...##
#....#####+....#.#.#
###..#
##...#..#...##
#..###........##...


You could see a deep elf pyromancer and a fire elemental (summoned).

Vanquished Creatures
  A reaper (IceCv)
  3 dire elephants (Lair:5)
  Fannar (D:10)
  A hydra (Lair:4)
  3 centaur warriors
  A two-headed ogre (D:11)
  A boulder beetle (Lair:5)
  4 dancing weapons
  3 spectral death yaks (Lair:5)
  Sonja (Lair:3)
  3 deep elf knights
  Amaemon (Lair:3)
  A skeletal warrior (D:10)
  A skyshark (Lair:3)
  A spectral anaconda (Lair:5)
  5 deep elf archers
  3 necromancers (Lair:5)
  4 deep elf pyromancers
  10 deep elf zephyrmancers
  3 orc knights (Orc:2)
  An ugly thing (D:11)
  4 centaur zombies (D:10)
  A cyclops (D:9)
  9 elephants (Lair:5)
  A faun (shapeshifter) (Elf:1)
  A dire elephant zombie (Lair:5)
  9 kobold blastminers
  A torpor snail (Lair:4)
  11 cane toads
  6 black mambas
  2 ice statues (IceCv)
  A gargoyle (D:11)
  An orange demon (Lair:3)
  An unseen horror (D:10)
  5 rime drakes
  6 komodo dragons
  5 ice devils (IceCv)
  A tengu conjurer (D:9)
  2 polar bears
  8 trolls
  3 anaconda simulacra (IceCv)
  A tyrant leech (Lair:2)
  5 hornets
  Grinder (D:5)
  5 dream sheep (Lair:5)
  3 meliai zombies (D:10)
  14 blink frogs
  A spectral elephant (Lair:5)
  2 air elementals
  A jumping spider (Lair:2)
  3 shadows
  2 dire elephant simulacra (IceCv)
  Sigmund (D:2)
  7 vampires
  6 wraiths (D:10)
  7 basilisks
  2 fire elementals (Elf:2)
  A water elemental (Elf:2)
  2 wargs
  50 yaks
  7 wyverns
  A redback (Lair:2)
  A death yak simulacrum (Lair:5)
  2 vampire mosquitoes (D:9)
  Menkaure (D:5)
  4 swamp worms (Lair:2)
  2 acid dragons
  20 water moccasins
  2 spectral cane toads (Lair:5)
  38 orc warriors
  5 hydra simulacra (IceCv)
  3 black bears
  5 ogres
  4 sky beasts
  An ice beast (D:6)
  The ghost of ProzacElf the Chopper, an amateur DsMo of Makhleb (D:3)
  32 wolves
  16 centaurs
  4 elephant skeletons (Lair:5)
  3 phantoms
  A kobold brigand (D:6)
  15 bullfrogs
  4 scorpions
  2 earth elementals
  3 gnoll sergeants
  A cane toad simulacrum (IceCv)
  14 wights
  A two-headed ogre simulacrum (IceCv)
  17 killer bees
  2 elephant simulacra (IceCv)
  4 electric eels
  3 howler monkeys
  A bombardier beetle (D:5)
  A hound (D:7)
  11 orc priests
  A sleepcap (D:6)
  2 iguanas
  17 orc wizards
  10 gnolls
  17 adders
  A naga simulacrum (IceCv)
  2 shadow imps
  A white imp (IceCv)
  3 dart slugs
  2 ribbon worms (D:2)
  88 orcs
  6 bats
  12 endoplasms
  A giant cockroach (D:1)
  16 goblins
  9 hobgoblins
  3 jackals (D:1)
  8 kobolds
  5 quokkas
  9 ball pythons
  4 frilled lizards
  7 rats
700 creatures vanquished.

Vanquished Creatures (collateral kills)
  A deep elf knight (Elf:1)
  2 deep elf zephyrmancers (Elf:1)
  A deep elf pyromancer (Elf:1)
  An air elemental (Elf:1)
5 creatures vanquished.

Vanquished Creatures (others)
  An ettin (Orc:2)
  3 deep elf archers (Elf:1)
  A deep elf zephyrmancer (Elf:1)
  3 deep elf pyromancers (Elf:1)
  An adder (Lair:1)
9 creatures vanquished.

Grand Total: 714 creatures vanquished

Notes
Turn   | Place    | Note
-------+----------+-------------------------------------------
     0 | D:1      | Zeia the Minotaur Fighter began the quest for the Orb.
     0 | D:1      | Reached XP level 1. HP: 19/19 MP: 0/0
   132 | D:1      | Reached XP level 2. HP: 19/27 MP: 1/1
   314 | D:1      | Reached skill level 3 in Long Blades
   435 | D:1      | Reached XP level 3. HP: 33/33 MP: 2/2
   620 | D:1      | Found Suarilut's Armour Boutique.
   649 | D:1      | You fall into a shaft and drop 1 floor!
   695 | D:2      | Noticed Sigmund
   701 | D:2      | Killed Sigmund
   702 | D:2      | Reached skill level 5 in Fighting
   702 | D:2      | Reached skill level 4 in Long Blades
   702 | D:2      | Reached skill level 5 in Armour
   702 | D:2      | Reached XP level 4. HP: 32/42 MP: 3/3
   702 | D:2      | Reached XP level 5. HP: 36/48 MP: 4/4
  1410 | D:3      | Found Ihaheeqid's Distillery.
  1426 | D:3      | Bought a potion of heal wounds for 60 gold pieces
  1508 | D:3      | Noticed an ogre
  1516 | D:3      | Killed an ogre
  1517 | D:3      | Reached XP level 6. HP: 50/57 MP: 5/5
  1701 | D:3      | Reached skill level 5 in Long Blades
  1758 | D:3      | Found a runed translucent door.
  1758 | D:3      | Noticed ProzacElf's ghost (amateur DsMo)
  1769 | D:3      | Killed ProzacElf's ghost
  2277 | D:4      | Reached XP level 7. HP: 57/63 MP: 6/6
  2818 | D:5      | Entered Level 5 of the Dungeon
  3020 | D:5      | Reached skill level 6 in Long Blades
  3053 | D:5      | Noticed Menkaure
  3062 | D:5      | Killed Menkaure
  3254 | D:5      | Noticed Grinder
  3271 | D:5      | Paralysed by Grinder for 5 turns
  3281 | D:5      | Killed Grinder
  3282 | D:5      | Reached XP level 8. HP: 33/73 MP: 7/7
  3507 | D:1      | Bought the +0 chain mail "Meoqysmi" {+Blink Regen+} for 185
                  | gold pieces
  3702 | D:5      | Reached skill level 7 in Long Blades
  3763 | D:5      | Found an ornate altar of the Wu Jian Council.
  3881 | D:5      | Found an opulent altar of Gozag.
  3881 | D:5      | Found a glowing golden altar of the Shining One.
  4301 | D:6      | Reached skill level 8 in Long Blades
  4354 | D:6      | Reached XP level 9. HP: 83/83 MP: 8/8
  4381 | D:6      | Found a blossoming altar of Fedhas.
  4975 | D:7      | Found a staircase to the Ecumenical Temple.
  5009 | Temple   | Entered the Ecumenical Temple
  5191 | D:5      | Became a worshipper of Gozag Ym Sagoz the Greedy
  5315 | D:7      | Reached skill level 9 in Long Blades
  5832 | D:8      | Found a flagged portal.
  5838 | D:8      | Reached skill level 10 in Fighting
  5873 | Bailey   | Entered a bailey
  5894 | Bailey   | Reached skill level 10 in Armour
  6082 | Bailey   | Reached skill level 10 in Long Blades
  6147 | Bailey   | Reached XP level 10. HP: 64/94 MP: 9/9
  6908 | D:9      | Found an iron altar of Okawaru.
  6908 | D:9      | Found a shimmering blue altar of Sif Muna.
  6908 | D:9      | Found a stormy altar of Qazlal.
  6909 | D:9      | Found a broken altar of Ashenzari.
  6910 | D:9      | Found a sparkling altar of Nemelex Xobeh.
  6911 | D:9      | Found a burning altar of Makhleb.
  6957 | D:9      | Found a staircase to the Orcish Mines.
  7190 | D:9      | Found a basalt altar of Yredelemnul.
  7452 | D:9      | Noticed a centaur warrior
  7457 | D:9      | Noticed a six-headed hydra
  7463 | D:9      | Identified the ring of Ixkuhet {rElec rN+ MP+9}
  7468 | D:9      | Killed a centaur warrior
  7469 | D:9      | Reached skill level 11 in Long Blades
  7479 | D:9      | Noticed a cyclops
  7801 | D:9      | Identified the ring of Egacs {Ice Fly Will- Str+5 Dex+2}
  7804 | D:9      | Found a runed translucent door.
  7804 | D:9      | Found a runed translucent door.
  7804 | D:9      | Identified the ring "Jam Ugaa" {^Drain Will+ rCorr MP+9
                  | Int+3}
  7804 | D:9      | Noticed a centaur warrior
  7817 | D:9      | Identified the amulet of Disaster {Acrobat Dex+4 SInv}
  7882 | D:9      | Killed a cyclops
  8336 | D:9      | Found a white marble altar of Elyvilon.
  8383 | D:10     | Entered Level 10 of the Dungeon
  8392 | D:10     | Reached XP level 11. HP: 101/105 MP: 10/10
  8423 | D:10     | Reached skill level 12 in Long Blades
  8637 | D:10     | Noticed Fannar
  8676 | D:10     | Killed Fannar
  8741 | D:10     | Found a runed translucent gate.
  9064 | D:10     | Reached skill level 13 in Long Blades
  9241 | D:10     | Identified the +2 rapier of the Rotten God {vamp, rElec}
  9638 | D:10     | Reached XP level 12. HP: 117/117 MP: 11/11
  9693 | D:10     | Identified the +0 hat of Donopiel {MP+9 Dex+3}
 10162 | D:10     | Found Ivvaugh's Antique Armour Shoppe.
 10254 | D:10     | Found a runed translucent gate.
 10254 | D:10     | Found a runed translucent gate.
 10254 | D:10     | Found a viscous altar of Jiyva.
 10254 | D:10     | Noticed a great orb of eyes
 10254 | D:10     | Noticed peterlawrence's ghost (journeyman MiFi)
 10598 | D:10     | Bought a pair of embroidered gloves for 172 gold pieces
 10830 | D:11     | Reached skill level 14 in Long Blades
 11090 | D:11     | Noticed a two-headed ogre
 11111 | D:11     | Killed a two-headed ogre
 11689 | D:11     | Reached skill level 15 in Fighting
 11979 | D:11     | Found a staircase to the Lair.
 12344 | Lair:1   | Entered Level 1 of the Lair of Beasts
 12359 | Lair:1   | Reached skill level 15 in Armour
 12775 | Lair:1   | Reached skill level 15 in Long Blades
 13363 | Lair:1   | Reached XP level 13. HP: 124/128 MP: 12/12
 14214 | Lair:2   | Found a staircase to the Swamp.
 14400 | Lair:2   | Found a hole to the Spider Nest.
 14916 | Lair:2   | Reached skill level 16 in Long Blades
 15212 | Lair:3   | Noticed Sonja
 15380 | Lair:3   | Found a frozen archway.
 15386 | Lair:3   | Noticed Amaemon
 15389 | IceCv    | Entered an ice cave
 15831 | IceCv    | Reached skill level 17 in Long Blades
 15945 | IceCv    | Noticed a reaper
 15953 | IceCv    | Killed a reaper
 16244 | Lair:3   | Killed Amaemon
 16422 | Lair:3   | Reached skill level 18 in Long Blades
 16615 | Lair:3   | Killed Sonja
 16884 | Lair:3   | Found a shadowy altar of Dithmenos.
 17943 | Lair:4   | Reached XP level 14. HP: 70/137 MP: 13/13
 18225 | Lair:4   | Reached skill level 19 in Long Blades
 18324 | Lair:4   | Found a staircase to the Slime Pits.
 18577 | Lair:5   | Entered Level 5 of the Lair of Beasts
 19245 | Lair:5   | Reached skill level 20 in Long Blades
 20601 | Orc:1    | Entered Level 1 of the Orcish Mines
 20859 | Orc:1    | Found Cush's Book Boutique.
 21002 | Orc:2    | Entered Level 2 of the Orcish Mines
 21672 | Orc:2    | Found a staircase to the Elven Halls.
 22225 | Orc:2    | Found Fitois's Assorted Antiques.
 22225 | Orc:2    | Found Ineifol's Weapon Shoppe.
 22232 | Orc:2    | Found Uqawi's Antique Armour Emporium.
 22235 | Orc:2    | Reached skill level 1 in Evocations
 22245 | Orc:2    | Found Ecedgh's Antique Armour Boutique.
 22312 | Orc:2    | Reached XP level 15. HP: 125/148 MP: 14/14
 22613 | Elf:1    | Entered Level 1 of the Elven Halls
 22778 | Elf:1    | Paralysed by an air elemental for 1 turns
 22780 | Elf:1    | Paralysed by an air elemental for 1 turns
 22828 | Elf:1    | Found Saskiniv's Jewellery Boutique.
 24059 | Elf:2    | Killed from afar by a deep elf pyromancer

Illustrated notes

Levels and vault maps discovered:
D:1:      scummos_arrival_hexagon, layout_basic, serial_shops,
          nicolae_shop_stone
D:2:      layout_basic, serial_forest, infiniplex_forest_straight_1,
          infiniplex_forest_straight_2, infiniplex_forest_end_double,
          infiniplex_forest_straight_2, infiniplex_forest_lined_ring,
          infiniplex_forest_clump_medium, uniq_sigmund
D:3:      layout_loops_cross, gammafunk_ghost_grave, serial_shops, shop,
          st_stairs_9, minmay_ogre_servants
D:4:      layout_basic
D:5:      layout_basic, mainiacjoe_overflow_concentric_impassable,
          gammafunk_temple_overflow_statue, uniq_menkaure, uniq_grinder
D:6:      minmay_angry_zag, layout_loops_cross, marbit_many_paths
D:7:      layout_layer_cave, minmay_temple_entry_grid
D:8:      layout_cave_pools, enter_bailey_5,
          serial_library_regret_index_double_sided
D:9:      minmay_the_grid_triangle_9x9_recursive_2_mashed
          [minmay_the_grid_triangle_9x9_prize_special,
          minmay_the_grid_triangle_9x9_corruption,
          minmay_the_grid_triangle_9x9_tough_junction,
          minmay_the_grid_triangle_9x9_dagger], layout_basic,
          kennysheep_ying_yang, minitemple
D:10:     bobbens_index_wilting_gardens, layout_cave_pools, serial_shops,
          nicolae_inconvenience_store, gammafunk_ghost_ooze, uniq_fannar
D:11:     layout_basic, erik_lair_dragon
Temple:   jpeg_temple_alley_garden
Lair:1:   lemuel_reptile_caves, layout_layer_cave, nicolae_lair_lil_pond
Lair:2:   layout_big_grid, minmay_swamp_entry_worms, spider_nest_entry_rubble,
          grunt_megastairs_4, serial_bayou_shore_a, lemuel_fruit_fields,
          serial_bayou_shore_b
Lair:3:   layout_hall_layers, portal_ice_cave_entry_pillars_2,
          lemuel_centaur_altar, grunt_megastairs_5, uniq_amaemon, uniq_sonja
Lair:4:   layout_regular_city, dpeg_slime_entry_enclosed,
          grunt_forest_large_clearings
Lair:5:   due_jungle_book, layout_loops_ring, st_stairs_10
Orc:1:    layout_caves, serial_shops, nicolae_book_shop_shelving
Orc:2:    st_orc_rangers, layout_diamond_mine
Elf:1:    layout_rooms, serial_shops, shop, evilmike_minifort
Elf:2:    nicolae_elf_blades_crystal_corner, layout_gridlike, serial_sigils,
          serial_sigils_hangedman_quiver, serial_sigils_hangedman_gut,
          serial_sigils_hangedman_leer, serial_sigils_hangedman_snap,
          serial_sigils_hangedman_confine

Skill      XL: |  1  2  3  4  5  6  7  8  9 10 11 12 13 14 15 |
---------------+----------------------------------------------+-----
Armour         | 4 5 6 7 8 10 12 13 15 17 18 | 18.2
Shields        | 4 |  4.0
Fighting       | 4 5 6 7 9 10 12 14 15 16 17 18 | 18.4
Long Blades    | 3 4 5 6 8 10 11 13 15 18 20 | 20.1
Evocations     | 1 4 |  4.1

Action                     |  1- 3 |  4- 6 |  7- 9 | 10-12 | 13-15 || total
---------------------------+-------+-------+-------+-------+-------++-------
  Melee: Long sword        |    58 |   120 |    78 |       |       ||   256
         Headbutt          |     6 |    24 |    50 |   218 |   281 ||   579
         Falchion          |       |       |   235 |   880 |   651 ||  1766
         Dagger            |       |       |       |       |    17 ||    17
         Great sword       |       |       |       |       |   401 ||   401
 Invoke: Potion Petition   |       |       |       |       |     2 ||     2
         Call Merchant     |       |       |       |       |     2 ||     2
         Bribe Branch      |       |       |       |       |     1 ||     1
  Evoke: Wand              |       |       |       |       |     2 ||     2
    Use: Potion            |     1 |       |     3 |     1 |     4 ||     9
         Scroll            |       |       |    16 |    14 |     2 ||    32
   Stab: Distracted        |       |       |       |     1 |    16 ||    17
 Armour: Scale mail        |    43 |    67 |    24 |       |       ||   134
         Chain mail        |       |       |   241 |    11 |       ||   252
         Crystal plate arm |       |       |       |   835 |   922 ||  1757
  Dodge: Dodged            |    27 |    46 |   134 |   248 |   431 ||   886
  Block: Buckler           |    12 |    24 |    67 |   167 |   145 ||   415
